 Dungeon Crawl Stone Soup version 0.27-a0-262-gc50aac273e (webtiles) character file.

Game seed: 16685370095754528978

64 EnegeticOcto the Covered (level 3, -2/34 HPs)
             Began as a Deep Dwarf Fighter on Feb 4, 2021.
             Slain by Robin
             ... wielding a +0 club
              (3 damage)
             ... on level 2 of the Dungeon.
             The game lasted 00:00:53 (790 turns).

EnegeticOcto the Covered (Deep Dwarf Fighter)        Turns: 790, Time: 00:00:53

Health: -2/34      AC:  7    Str: 20    XL:     3   Next: 91%
Magic:  3/3        EV:  7    Int:  8    God:
Gold:   51         SH:  9    Dex: 12    Spells: 2/2 levels left

rFire    . . .     SeeInvis .   a - +0 war axe
rCold    . . .     Faith    .   c - +0 kite shield
rNeg     . . .     Spirit   .   b - +0 scale mail
rPois    .         Reflect  .   (no helmet)
rElec    .         Harm     .   (no cloak)
rCorr    .         Rampage  .   (no gloves)
Will     .....                  (no boots)
Stlth    ..........             (no amulet)
HPRegen  0.00/turn              (no ring)
MPRegen  0.08/turn              (no ring)

@: non-regenerating
A: damage resistance, heal wounds, sense surroundings 1, no regeneration
a: Heal Wounds


You were on level 2 of the Dungeon.
You visited 1 branch of the dungeon, and saw 2 of its levels.

You collected 51 gold pieces.

Inventory:

Hand Weapons
 a - a +0 war axe (weapon)
Armour
 b - a +0 scale mail (worn)
 c - a +0 kite shield (worn)
Scrolls
 f - 3 scrolls of teleportation {unknown}
 g - a scroll of enchant weapon {unknown}
 i - a scroll of magic mapping {unknown}
Potions
 d - a potion of might {@q3}
 e - 3 potions of curing {unknown}
 h - a potion of attraction {unknown}
 j - a potion of resistance {unknown}


   Skills:
 + Level 3.1 Fighting
 * Level 3.3 Axes
 + Level 3.8 Armour
 + Level 3.7 Shields


You had 2 spell levels left.
You didn't know any spells.
Your spell library was empty.

Dungeon Overview and Level Annotations

Branches:
Dungeon (2/15)

Altars:

Annotations:
D:2 Robin


Innate Abilities, Weirdness & Mutations

You are resistant to damage.
You can heal yourself by infusing magical energy.
You passively map a small area around you.
You do not regenerate.


Message History

The leopard gecko bites you but does no damage.
Your scale mail prevents you from hitting the leopard gecko.
The leopard gecko is severely wounded.
Robin shouts!
You hear a shout! x2
The leopard gecko misses you.
A goblin comes into view. It is wielding a +0 club.
Robin throws the goblin at you!
A goblin comes into view. It is wielding a +0 dagger.
You block the leopard gecko's attack. You block the goblin's attack.
The goblin hits you but does no damage.
The goblin shouts! x2
You slash the leopard gecko!
You kill the leopard gecko!
You closely miss the goblin. You barely miss the goblin.
You hear a shout!
Something unseen opens the door.
You block the goblin's attack. x2
A hobgoblin comes into view. It is wielding a +0 club.
A kobold comes into view. It is wielding a +0 whip.
You block the goblin's attack. The hobgoblin barely misses you.
The goblin hits you but does no damage.
A hobgoblin comes into view. It is wielding a +0 club.
You hit the hobgoblin.
The hobgoblin is almost dead.
You barely miss the goblin.
Your shield prevents you from hitting the goblin.
You block the goblin's attack.
A hobgoblin comes into view. It is wielding a +0 club.
The hobgoblin barely misses you.
Robin roars a battlecry!
The goblins go into a battle-frenzy!
A goblin comes into view.
The goblin hits you. The goblin hits you but does no damage.
You block the hobgoblin's attack. The goblin hits you.
The hobgoblin shouts!
You hit the hobgoblin.
You kill the hobgoblin!
You hit Robin but do no damage. You hit the goblin but do no damage.
You barely miss the goblin. You hit the goblin but do no damage.
You block the goblin's attack. x3; The goblin closely misses you.
A goblin comes into view.
The goblin hits you. The goblin hits you but does no damage.
The goblin barely misses you. The kobold hits you but does no damage.
You hit Robin.
Robin is lightly wounded.
You barely miss the goblin. You hit the goblin.
You hit the goblin but do no damage. You hit the goblin.
You kill the goblin!
You hit the kobold but do no damage. You block the goblin's attack.
The goblin hits you but does no damage. The goblin barely misses you.
The kobold closely misses you. You block Robin's attack.
The goblin hits you with a +0 dagger. The goblin closely misses you.
The goblin hits you. You block the kobold's attack.
The hobgoblin barely misses you. Robin hits you with a +0 club.
The goblin hits you with a +0 dagger.
You slash the goblin!
You kill the goblin!
You hit the goblin. You hit the hobgoblin. You hit the kobold. You hit Robin.
You closely miss the goblin. You block the goblin's attack.
You block the kobold's attack. The hobgoblin barely misses you.
You block the goblin's attack. The goblin hits you.
You block the kobold's attack. The hobgoblin closely misses you.
The goblin hits you.
You are too injured to fight recklessly!
You are too injured to fight recklessly!
You are too injured to fight recklessly!
You are too injured to fight recklessly!
You are too injured to fight recklessly!
You are too injured to fight recklessly!
You barely miss Robin.
Robin is moderately wounded.
You hit the kobold.
You kill the kobold!
You barely miss the hobgoblin. You barely miss the goblin. x2
Your shield and scale mail prevent you from hitting the hobgoblin.
You feel yourself speed up. You block the bat's attack.
The bat hits you but does no damage. x2
You block the goblin's attack. The hobgoblin hits you with a +0 club.
* * * LOW HITPOINT WARNING * * *
Robin hits you but does no damage. The goblin hits you but does no damage.
The hobgoblin hits you with a +0 club. The bat completely misses you.
The goblin closely misses you. The hobgoblin barely misses you.
Robin hits you but does no damage. The goblin hits you.
* * * LOW HITPOINT WARNING * * *
The hobgoblin hits you with a +0 club.
* * * LOW HITPOINT WARNING * * *
You barely miss Robin.
Robin is moderately wounded.
You barely miss the hobgoblin. You closely miss the goblin.
You barely miss the goblin. You hit the hobgoblin.
You kill the hobgoblin!
You closely miss the bat. The bat hits you but does no damage.
The goblin hits you with a +0 dagger.
* * * LOW HITPOINT WARNING * * *
The goblin hits you but does no damage.
Robin roars a battlecry!
The goblins go into a battle-frenzy!
The hobgoblin hits you but does no damage.
The bat hits you but does no damage. The goblin hits you but does no damage.
The goblin barely misses you. Robin hits you with a +0 club.
You die...

####...#.....# #.
* #...#.....# #.
*, * #...#.(...#
#. . *
#...#.....# ## ..
#...#.....#
*#..#*
##.##.....# .....
#.####...#* *
......##g####....
* .....[g@gg..# ,
......ggb.......
.......g.....#+#,
.............# ,
, ..###........#
, , . #..#.###.#
, ##.#.# ... * #.
.# #' * * , , , ,


You could see Robin, 2 hobgoblins, 4 goblins and a bat.

Vanquished Creatures
  Natasha (D:2)
  2 leopard geckos (D:2)
  4 giant cockroaches (D:1)
  7 goblins
  5 hobgoblins
  A ball python (D:1)
  3 bats (D:2)
  2 frilled lizards (D:1)
  5 kobolds
  6 rats
36 creatures vanquished.

Notes
Turn   | Place    | Note
-------+----------+-------------------------------------------
     0 | D:1      | EnegeticOcto the Deep Dwarf Fighter began the quest for the
                  | Orb.
     0 | D:1      | Reached XP level 1. HP: 20/20 MP: 1/1
   246 | D:1      | Reached XP level 2. HP: 27/27 MP: 2/2
   765 | D:2      | Noticed Natasha
   769 | D:2      | Noticed a crimson imp
   774 | D:2      | Reached XP level 3. HP: 24/33 MP: 3/3
   777 | D:2      | Killed Natasha
   782 | D:2      | Noticed Robin
   790 | D:2      | HP: 1/34 [goblin/+0 dagger[Robin] (1)]
   790 | D:2      | Slain by Robin

Illustrated notes

Levels and vault maps discovered:
D:1:      heliophobic_arrival_ceremonial_halls, layout_loops_ring
D:2:      layout_basic, uniq_natasha, uniq_robin

Skill      XL: |  1  2  3 |
---------------+----------+-----
Axes           | 3 |  3.3
Fighting       | 3 |  3.1
Armour         | |  3.8
Shields        | |  3.7

Action                   || total
-------------------------++-------
Melee: War axe           ||    99
Armor: Scale mail        ||    66
Dodge: Dodged            ||    52
Block: Kite shield       ||    68

Table legend: (Time is in decaauts)
 A = Elapsed time spent in this place.
 B = Non-inter-level travel time spent in this place.
 C = Inter-level travel time spent in this place.
 D = Time resting spent in this place.
 E = Time spent auto-exploring this place.
 F = Levels seen in this place.
 G = Mean time per level.
                   A        B        C        D        E       F      G
               +--------+--------+--------+--------+--------+-----+--------+
         Total |    858 |    834 |     24 |      0 |    606 |   2 |  429.0 |
       Dungeon |    858 |    834 |     24 |      0 |    606 |   2 |  429.0 |
               +--------+--------+--------+--------+--------+-----+--------+

Top non-repeatable levels by time:
     D:1: 690 daAuts
     D:2: 167 daAuts
